[Event "Late Titled Tuesday Blitz February 8 2022"]
[White "Balint, Vilmos"]
[Black "Reprintsev, Alexander"]
[WhiteFideId "718050"]
[BlackFideId "14100541"]
[WhiteElo "2059"]
[BlackElo "2126"]
[Result "0-1"]
[Round "09"]
[TimeControl "180+1"]
[Date "2022.02.09"]
[WhiteClock "0:00:09"]
[BlackClock "0:00:18"]

1. e4 d5 2. exd5 Qxd5 3. Nf3 Bg4 4. Be2 Nc6 5. Nc3 Qd7 6. h3 Bf5 7. d3 e5 8. Be3 O-O-O 9. a3 Nf6 10. b4 e4 11. dxe4 Nxe4 12. Qxd7+ Rxd7 13. Nxe4 Bxe4 14. O-O Bxc2 15. Bb5 Be4 16. Nd4 a6 17. Bxc6 Bxc6 18. Nxc6 bxc6 19. Rac1 Kb7 20. Rc4 Rd6 21. Rfc1 Re6 22. a4 Bd6 23. Bc5 Rd8 24. b5 axb5 25. axb5 Be5 26. Rb1 cxb5 27. Rxb5+ Kc8 28. g3 Rd5 29. Rb1 Rc6 30. Rbc1 Bd6 31. Bxd6 Rxc4 32. Rxc4 Rxd6 33. Rb4 c5 34. Rc4 Rd5 35. Kg2 Kc7 36. Kf3 Kc6 37. Ke4 f5+ 38. Ke3 Kb5 39. Rh4 h6 40. g4 f4+ 41. Ke4 Rd4+ 42. Ke5 f3 43. Rh5 Rd2 44. Rf5 Rxf2 45. Ke4 Rf1 46. Ke3 Kb4 47. Rf7 g5 48. Rh7 c4 49. Rxh6 f2 50. Ke2 Rh1 51. Kxf2 c3 52. Kg2 c2 53. Rb6+ Kc5 54. Rb8 c1=Q 0-1


[Site "https://www.chess.com"]

[Event "Late Titled Tuesday Blitz February 8 2022"]
[White "Barp, Alberto"]
[Black "Grigorov, Grigor"]
[WhiteFideId "872555"]
[BlackFideId "2907313"]
[WhiteElo "2229"]
[BlackElo "2510"]
[Result "0-1"]
[Round "09"]
[TimeControl "180+1"]
[Date "2022.02.08"]
[WhiteClock "0:00:03"]
[BlackClock "0:00:28"]

1. d4 Nf6 2. c4 e6 3. Nf3 Bb4+ 4. Bd2 Qe7 5. g3 Nc6 6. e3 O-O 7. Bg2 Bxd2+ 8. Qxd2 d6 9. Nc3 e5 10. O-O Re8 11. b3 Bg4 12. h3 Bf5 13. Nh4 Bd7 14. d5 Nb8 15. b4 a5 16. a3 Na6 17. Nb5 Red8 18. Rab1 axb4 19. axb4 g6 20. e4 Be8 21. Nc3 c5 22. dxc6 bxc6 23. Rfe1 Nc7 24. b5 Ne6 25. bxc6 Bxc6 26. Nd5 Bxd5 27. exd5 Nc5 28. Nf3 Qc7 29. Qh6 Rdb8 30. Rxb8+ Rxb8 31. Rc1 Nd3 32. Rc2 Rb1+ 33. Kh2 Rb2 34. Qd2 Rxc2 35. Qxc2 Nc5 36. Nd2 Qb6 37. Qc3 h5 38. Qe3 Qb2 39. f4 e4 40. Kg1 Qc1+ 41. Kh2 Nb3 42. Qxb3 Qxd2 43. Qb8+ Kg7 44. Qxd6 e3 45. Qe5 e2 0-1


[Site "https://www.chess.com"]

[Event "Late Titled Tuesday Blitz February 8 2022"]
[White "Bauer, Thomas"]
[Black "Djokic, Mihailo"]
[WhiteFideId "1639293"]
[BlackFideId "976440"]
[WhiteElo "2220"]
[BlackElo "2008"]
[Result "0-1"]
[Round "09"]
[TimeControl "180+1"]
[Date "2022.02.09"]
[WhiteClock "0:00:03"]
[BlackClock "0:00:58"]

1. Nf3 Nf6 2. g3 b6 3. Bg2 Bb7 4. O-O g6 5. c4 Bg7 6. d4 O-O 7. Nc3 d6 8. Re1 Ne4 9. Qc2 Nxc3 10. bxc3 Nd7 11. Rd1 e5 12. dxe5 Nxe5 13. Nxe5 Bxg2 14. Nxf7 Qf6 15. Kxg2 Qxf7 16. Be3 Qxc4 17. Bd4 Rae8 18. e4 Qc6 19. Bxg7 Rxe4 20. f3 Re3 21. Bxf8 Qxf3+ 22. Kg1 Re2 23. Qxe2 Qxe2 24. Rf1 Qe3+ 25. Rf2 Qxc3 26. Raf1 Qe3 27. Kh1 Qe4+ 28. Rf3 g5 29. Bh6 g4 30. Kg2 d5 31. h3 gxf3+ 32. Rxf3 d4 33. Kf2 Qc2+ 34. Kf1 Qb1+ 35. Kg2 Qxa2+ 36. Rf2 Qd5+ 37. Kh2 Qd6 38. Bf4 Qc5 39. h4 d3 40. Rd2 Qc3 41. Kg2 a5 42. Kf3 a4 43. Ke3 a3 44. Rxd3 Qc5+ 45. Kf3 a2 46. Rd8+ Kf7 47. Rd7+ Ke6 48. Rd1 Qc3+ 49. Kg4 a1=Q 50. Rxa1 Qxa1 0-1


[Site "https://www.chess.com"]

[Event "Late Titled Tuesday Blitz February 8 2022"]
[White "Beulen, Marcel"]
[Black "Milosevic, Milos"]
[WhiteFideId "1001450"]
[BlackFideId "964875"]
[WhiteElo "2356"]
[BlackElo "2198"]
[Result "0-1"]
[Round "09"]
[TimeControl "180+1"]
[Date "2022.02.09"]
[WhiteClock "0:00:23"]
[BlackClock "0:00:59"]

1. e4 a6 2. d4 c5 3. c3 e6 4. Nf3 d5 5. exd5 Qxd5 6. Be3 cxd4 7. Qxd4 Nf6 8. Nbd2 Nc6 9. Qxd5 Nxd5 10. Bg5 f6 11. Bh4 h5 12. h3 e5 13. O-O-O Be6 14. Ne4 O-O-O 15. Bc4 Be7 16. Bg3 g5 17. Rhe1 Nf4 18. Bxe6+ Nxe6 19. Rxd8+ Rxd8 20. Rd1 Rxd1+ 21. Kxd1 h4 22. Bh2 Nc5 23. Nxc5 Bxc5 24. Ke2 Kd7 25. g3 hxg3 26. Bxg3 e4 27. Nd2 f5 28. f3 e3 29. Nb3 Bb6 30. f4 g4 31. hxg4 fxg4 32. f5 Ne7 33. f6 Nf5 34. Bf4 g3 35. Kf3 e2 36. Kxe2 g2 37. Bh2 g1=Q 38. Bxg1 Bxg1 39. Nd2 Ke6 40. Kd3 Kxf6 41. Kc4 Ne3+ 42. Kb4 Nd1 43. b3 Ke5 44. c4 Bf2 45. a4 Be1 0-1


[Site "https://www.chess.com"]

[Event "Late Titled Tuesday Blitz February 8 2022"]
[White "Bortnyk, Olexandr"]
[Black "Punin, Andrii"]
[WhiteFideId "14120828"]
[BlackFideId "14112639"]
[WhiteElo "2723"]
[BlackElo "2357"]
[Result "1-0"]
[Round "09"]
[TimeControl "180+1"]
[Date "2022.02.08"]
[WhiteClock "0:00:39"]
[BlackClock "0:00:07"]

1. e4 e6 2. d4 d5 3. Nc3 Bb4 4. Qd3 dxe4 5. Qxe4 Nf6 6. Qh4 Nd5 7. Qxd8+ Kxd8 8. Ne2 Nc6 9. Bd2 Nxc3 10. bxc3 Ba5 11. g3 b6 12. Bg2 Bb7 13. O-O Kc8 14. Rfe1 Ne7 15. Bh3 Kb8 16. Rad1 a6 17. c4 Bxd2 18. Rxd2 Ka7 19. Nf4 Ng6 20. Nh5 Rhg8 21. d5 Rad8 22. Bg2 exd5 23. cxd5 Bc8 24. h3 Rd6 25. c4 Bd7 26. f4 Nf8 27. g4 g6 28. Ng3 Kb8 29. Ne4 Kc8 30. Nxd6+ cxd6 31. Re7 Rg7 32. g5 Kd8 33. Rde2 b5 34. cxb5 axb5 35. R2e3 h5 36. gxh6 Rh7 37. Bf1 1-0


[Site "https://www.chess.com"]

[Event "Late Titled Tuesday Blitz February 8 2022"]
[White "Calcada, Lucas Galvan"]
[Black "Sarkar, Justin"]
[WhiteFideId "22746099"]
[BlackFideId "2010011"]
[WhiteElo "1402"]
[BlackElo "2038"]
[Result "1-0"]
[Round "09"]
[TimeControl "180+1"]
[Date "2022.02.09"]
[WhiteClock "0:01:48"]
[BlackClock "0:00:26"]

1. d4 Nf6 2. c4 e6 3. Nc3 d5 4. Nf3 Be7 5. Bf4 c5 6. dxc5 Na6 7. e3 Nxc5 8. Be2 O-O 9. O-O dxc4 10. Bxc4 a6 11. Qe2 b5 12. Rfd1 Qb6 13. Bd3 b4 14. Nb1 Nxd3 15. Rxd3 a5 16. Rd4 Ba6 17. Qd1 Rac8 18. Nbd2 Nd5 19. Bg3 Rfd8 20. Ne4 f5 21. Neg5 h6 22. Nh3 g5 23. Ne5 1-0


[Site "https://www.chess.com"]

[Event "Late Titled Tuesday Blitz February 8 2022"]
[White "Carbone, Diego"]
[Black "Musovic, Armin"]
[WhiteFideId "3002179"]
[BlackFideId "939935"]
[WhiteElo "2199"]
[BlackElo "2250"]
[Result "1-0"]
[Round "09"]
[TimeControl "180+1"]
[Date "2022.02.09"]
[WhiteClock "0:00:26"]
[BlackClock "0:00:13"]

1. d4 d5 2. c4 c5 3. Nf3 Nf6 4. cxd5 cxd4 5. Qxd4 Qxd5 6. Nc3 Qxd4 7. Nxd4 a6 8. Bf4 Nbd7 9. Bg3 e5 10. Nf3 e4 11. Nd2 e3 12. fxe3 Bb4 13. Rc1 O-O 14. a3 Bxc3 15. Rxc3 Re8 16. e4 Nxe4 17. Nxe4 Rxe4 18. Bf2 Nf6 19. g3 Ng4 20. Bg2 Nxf2 21. Kxf2 Re7 22. Rhc1 Bg4 23. h3 Be6 24. Rc7 Rae8 25. Rxb7 Rxb7 26. Bxb7 Rb8 27. Rc7 Bxh3 28. b4 h5 29. Bxa6 g5 30. Bc4 Be6 31. Bxe6 fxe6 32. Rc5 Rf8+ 33. Ke3 Ra8 34. Rxg5+ Kf7 35. Ra5 Rh8 36. Ra7+ Kf6 37. b5 Rg8 38. Kf3 Rg5 39. a4 Rf5+ 40. Ke3 Rg5 41. Kf2 Rf5+ 42. Kg2 Re5 43. b6 Rxe2+ 44. Kh3 Rb2 45. b7 e5 46. a5 Kf5 47. a6 h4 48. Ra8 Rb3 49. Kxh4 Rb1 50. Kh3 Rh1+ 51. Kg2 Ra1 52. a7 Ra2+ 53. Kh3 1-0


[Site "https://www.chess.com"]

[Event "Late Titled Tuesday Blitz February 8 2022"]
[White "Chabris, Christopher"]
[Black "Kukula, Pawel"]
[WhiteFideId "2005263"]
[BlackFideId "1115081"]
[WhiteElo "2288"]
[BlackElo "2203"]
[Result "0-1"]
[Round "09"]
[TimeControl "180+1"]
[Date "2022.02.09"]
[WhiteClock "0:00:02"]
[BlackClock "0:00:28"]

1. e4 c5 2. Nf3 Nc6 3. Bb5 Nf6 4. Nc3 Qc7 5. O-O Ng4 6. Bxc6 dxc6 7. h3 Ne5 8. d3 g6 9. Bf4 Bg7 10. Nxe5 Bxe5 11. Bxe5 Qxe5 12. f4 Qd4+ 13. Kh2 f5 14. exf5 Bxf5 15. Qf3 O-O-O 16. Rae1 Rhe8 17. g4 Bd7 18. Re4 Qd6 19. Re5 Rf8 20. Rfe1 g5 21. f5 e6 22. f6 Kb8 23. Qg3 Bc8 24. Ne4 Qc7 25. Nxc5 Rxf6 26. Ne4 Rf4 27. Rxg5 Rdf8 28. Re2 e5 29. Rf5 Bxf5 30. gxf5 R4xf5 31. Rg2 a6 32. Qg4 Rf4 33. Qe6 Ka7 34. b4 Qf7 35. Qxe5 Rf5 36. Qd4+ Ka8 37. Nc5 Qc7+ 38. Kh1 Rf1+ 39. Rg1 Rxg1+ 40. Qxg1 Qf7 41. Qg2 Qf1+ 42. Qxf1 Rxf1+ 43. Kg2 Rb1 44. a3 Rb2 45. Kg3 Rxc2 46. Ne6 Rc3 47. Nf4 Rxa3 48. Kg4 Rb3 49. h4 Rxb4 50. Kg5 a5 51. h5 a4 52. h6 Rxf4 53. Kxf4 a3 54. Kg5 a2 0-1


[Site "https://www.chess.com"]

[Event "Late Titled Tuesday Blitz February 8 2022"]
[White "Chigaev, Maksim"]
[Black "Triapishko, Alexandr"]
[WhiteFideId "4108116"]
[BlackFideId "14122286"]
[WhiteElo "2502"]
[BlackElo "2479"]
[Result "1-0"]
[Round "09"]
[TimeControl "180+1"]
[Date "2022.02.08"]
[WhiteClock "0:00:16"]
[BlackClock "0:00:09"]

1. e4 c6 2. Nf3 d5 3. d3 dxe4 4. dxe4 Qxd1+ 5. Kxd1 Nf6 6. Nbd2 Rg8 7. a4 g5 8. a5 g4 9. Ne5 Nbd7 10. Nec4 h5 11. c3 Nc5 12. f3 h4 13. b4 Ne6 14. Kc2 h3 15. Nb3 Nh5 16. fxg4 Rxg4 17. g3 Rxg3 18. hxg3 Nxg3 19. Rxh3 Nxf1 20. Rh8 Ng3 21. Bh6 Nxe4 22. Rg1 f5 23. Bxf8 Nxf8 24. Rgg8 Kf7 25. Rxf8+ Kg7 26. Rxc8 1-0


[Site "https://www.chess.com"]

[Event "Late Titled Tuesday Blitz February 8 2022"]
[White "Cupid, Kevin"]
[Black "Aaditya Dhingra"]
[WhiteFideId "7700512"]
[BlackFideId "25678191"]
[WhiteElo "2096"]
[BlackElo "1789"]
[Result "0-1"]
[Round "09"]
[TimeControl "180+1"]
[Date "2022.02.09"]
[WhiteClock "0:00:08"]
[BlackClock "0:00:03"]

1. d4 d5 2. c4 e6 3. Nc3 Be7 4. Nf3 Nf6 5. Bg5 O-O 6. e3 h6 7. Bh4 Ne4 8. Bxe7 Qxe7 9. Bd3 Nxc3 10. bxc3 dxc4 11. Bxc4 c5 12. O-O Nc6 13. Rb1 b6 14. Qe2 Rd8 15. Rfc1 Bb7 16. Ba6 Na5 17. Bxb7 Nxb7 18. Qb5 Rac8 19. Ne5 Qc7 20. Nd3 Nd6 21. Qa6 c4 22. Ne5 f6 23. Nf3 Ne4 24. Rb2 Rd5 25. Qa4 Rh5 26. h3 Ng5 27. Nd2 Nf7 28. Rb4 Nd6 29. Qc2 a5 30. Rb2 e5 31. a4 Rg5 32. Ne4 Nxe4 33. Qxe4 exd4 34. exd4 Rd8 35. Rcb1 Rd6 36. f4 Rg3 37. Rc1 Rd3 38. Rb5 Kf7 39. f5 Qe7 40. Qxe7+ Kxe7 41. Kf2 Kd7 42. Ke2 Kc7 43. Rc2 Rd8 44. Kf2 Re8 45. Rb1 Ree3 46. Rbc1 Kc6 47. Kg1 Re7 48. Rf1 Rde3 49. Rf4 Kd5 50. Rb2 Kc6 51. Rc2 Re2 52. Rc1 Re1+ 53. Rf1 Rxc1 54. Rxc1 Kd5 55. Rb1 Kc6 56. Rb5 Re3 57. d5+ Kc7 58. d6+ Kxd6 59. Rxb6+ Ke5 60. Rb5+ Kf4 61. Rxa5 Rxc3 62. Kf2 Rc2+ 63. Kf1 c3 64. Rb5 Ke3 65. Rb8 Rc1# 0-1


[Site "https://www.chess.com"]

[Event "Late Titled Tuesday Blitz February 8 2022"]
[White "Daggupati, Balaji"]
[Black "Kanyamarala, Tarun"]
[WhiteFideId "2090759"]
[BlackFideId "45004714"]
[WhiteElo "2739"]
[BlackElo "2144"]
[Result "1-0"]
[Round "09"]
[TimeControl "180+1"]
[Date "2022.02.08"]
[WhiteClock "0:00:06"]
[BlackClock "0:00:01"]

1. e4 c5 2. Nf3 Nc6 3. Bb5 g6 4. O-O Bg7 5. Re1 e5 6. b4 Nxb4 7. Bb2 a6 8. a3 axb5 9. axb4 Rxa1 10. Bxa1 d6 11. bxc5 Ne7 12. Qe2 b4 13. Qb5+ Nc6 14. d4 dxc5 15. Nxe5 Bxe5 16. dxe5 Qa5 17. Qxa5 Nxa5 18. e6 Rg8 19. exf7+ Kxf7 20. Nd2 Be6 21. Nf3 h6 22. Rd1 Nc4 23. Be5 Ra8 24. Bg3 Ra2 25. Ne1 Na3 26. Rc1 c4 27. Be5 c3 28. f3 b5 29. Bd6 Rb2 30. Nd3 Rxc2 31. Bxb4 Rxc1+ 32. Nxc1 Nb1 33. Kf2 Bc4 34. Ke3 Ke6 35. Kd4 c2 36. Ke3 g5 37. g3 Kf6 38. f4 gxf4+ 39. gxf4 Ke6 40. Kd4 Kf6 41. f5 1-0


[Site "https://www.chess.com"]

[Event "Late Titled Tuesday Blitz February 8 2022"]
[White "Deac, Bogdan-Daniel"]
[Black "Holt, Conrad"]
[WhiteFideId "1226380"]
[BlackFideId "2034387"]
[WhiteElo "2646"]
[BlackElo "2586"]
[Result "1-0"]
[Round "09"]
[TimeControl "180+1"]
[Date "2022.02.08"]
[WhiteClock "0:00:09"]
[BlackClock "0:00:34"]

1. e4 e6 2. Qe2 e5 3. Nf3 Nc6 4. c3 Bc5 5. Nxe5 Nxe5 6. d4 Bd6 7. dxe5 Bxe5 8. Nd2 d6 9. Nc4 Bf6 10. f4 Be6 11. Ne3 Nh6 12. Qh5 Qe7 13. Bd3 c6 14. O-O O-O-O 15. Bc2 Kb8 16. Qf3 Bc8 17. Bd2 g6 18. Rae1 Bg7 19. Nc4 d5 20. exd5 Qc5+ 21. Ne3 Rxd5 22. Qf2 Ng4 23. Nxg4 Rxd2 24. Qxc5 1-0


[Site "https://www.chess.com"]

[Event "Late Titled Tuesday Blitz February 8 2022"]
[White "Debray, Christopher"]
[Black "Mikhalsky, Vladimir"]
[WhiteFideId "630810"]
[BlackFideId "14144352"]
[WhiteElo "2369"]
[BlackElo "2248"]
[Result "0-1"]
[Round "09"]
[TimeControl "180+1"]
[Date "2022.02.09"]
[WhiteClock "0:00:02"]
[BlackClock "0:00:13"]

1. d4 Nf6 2. Bf4 g6 3. Nc3 d5 4. e3 Bg7 5. h4 h6 6. Nf3 Bf5 7. Nb5 Na6 8. Ne5 O-O 9. Be2 c5 10. c3 Ne4 11. f3 Nd6 12. Nxd6 exd6 13. Nd3 Re8 14. g4 Bd7 15. Kf2 Qe7 16. Qd2 Nc7 17. Rae1 Ne6 18. Bg3 Bb5 19. Nf4 Nxf4 20. Bxb5 Ne6 21. Bxe8 Rxe8 22. dxc5 dxc5 23. Re2 Rd8 24. Rd1 Qf6 25. Kg2 Kh7 26. Qc2 b5 27. Red2 d4 28. exd4 cxd4 29. h5 Ng5 30. hxg6+ fxg6 31. Rf1 dxc3 32. Rxd8 Qxd8 33. bxc3 Qc8 34. Qd3 Qc6 35. Re1 Qxc3 36. Qxc3 Bxc3 37. Re7+ Kg8 38. Rxa7 b4 39. Rb7 Ne6 40. Rb6 Kf7 41. Kf1 Nd4 42. Kg2 Nc2 43. Rc6 Ne3+ 44. Kg1 Nd5 0-1


[Site "https://www.chess.com"]

[Event "Late Titled Tuesday Blitz February 8 2022"]
[White "Dobre, Claudiu-Cristian"]
[Black "Li, Hui"]
[WhiteFideId "1211854"]
[BlackFideId "15400310"]
[WhiteElo "2207"]
[BlackElo "1954"]
[Result "1/2-1/2"]
[Round "09"]
[TimeControl "180+1"]
[Date "2022.02.09"]
[WhiteClock "0:00:12"]
[BlackClock "0:00:10"]

1. c4 e6 2. Nf3 d5 3. b3 Nf6 4. Bb2 Be7 5. e3 O-O 6. Be2 b6 7. O-O Bb7 8. d3 Nbd7 9. Nc3 c5 10. Qc2 Rc8 11. Rad1 Qc7 12. Qb1 Qb8 13. Rc1 Rfe8 14. Rfd1 Nf8 15. cxd5 Nxd5 16. Nxd5 Bxd5 17. d4 Ng6 18. Qa1 cxd4 19. Nxd4 Bd6 20. f4 Rxc1 21. Rxc1 Rc8 22. Ba6 Bb7 23. Bxb7 Qxb7 24. Rxc8+ Qxc8 25. Qc1 Qxc1+ 26. Bxc1 Bc5 27. Ne2 Kf8 28. Kf2 Ke8 29. g4 Ne7 30. Nc3 f5 31. h3 g6 32. Nb5 Nc6 33. a3 Kd7 34. b4 Bd6 35. Bb2 a6 36. Nd4 Nxd4 37. Bxd4 b5 38. Kf3 Kc6 39. e4 Kd7 40. Ke3 Bc7 41. Kf3 Bd6 42. h4 Be7 43. h5 Bd6 44. hxg6 hxg6 45. gxf5 gxf5 46. Ke3 Be7 47. Kf3 Bd6 48. Ke3 Be7 49. Kf3 Bd6 1/2-1/2


[Site "https://www.chess.com"]

[Event "Late Titled Tuesday Blitz February 8 2022"]
[White "Dourerassou, Jonathan"]
[Black "Pichot, Alan"]
[WhiteFideId "628050"]
[BlackFideId "110973"]
[WhiteElo "2513"]
[BlackElo "2543"]
[Result "1-0"]
[Round "09"]
[TimeControl "180+1"]
[Date "2022.02.08"]
[WhiteClock "0:00:42"]
[BlackClock "0:00:34"]

1. e4 g6 2. Nc3 Bg7 3. h4 h5 4. Bc4 c6 5. Nf3 d6 6. d4 Bg4 7. Be3 e6 8. d5 cxd5 9. exd5 e5 10. Qd2 Bxf3 11. gxf3 Ne7 12. Bb5+ Nd7 13. Ne4 Nf5 14. Bg5 Qc7 15. Bf6 O-O 16. Bxg7 Kxg7 17. Bxd7 Qxd7 18. O-O-O Rac8 19. Kb1 Rc4 20. c3 b5 21. Rhg1 Qe7 22. Rg5 Nxh4 23. Qe3 b4 24. Rh1 Nxf3 25. Qxf3 Rxe4 26. Qxh5 bxc3 27. Rg3 c2+ 28. Kc1 Re8 29. Qh6+ Kf6 30. Qg5+ Kg7 31. Qh6+ Kf6 32. Rf3+ Rf4 33. Qh4+ Kf5 34. Qh3+ Kf6 35. Qh4+ g5 36. Qh6+ Kf5 37. Qh7+ 1-0


[Site "https://www.chess.com"]

[Event "Late Titled Tuesday Blitz February 8 2022"]
[White "Einarsson, Halldor Gretar"]
[Black "Kostiukov, Alexandr"]
[WhiteFideId "2300150"]
[BlackFideId "14108100"]
[WhiteElo "2114"]
[BlackElo "2202"]
[Result "0-1"]
[Round "09"]
[TimeControl "180+1"]
[Date "2022.02.09"]
[WhiteClock "0:00:02"]
[BlackClock "0:00:04"]

1. d4 g6 2. c4 Bg7 3. Nc3 d6 4. e4 e5 5. Nge2 exd4 6. Nxd4 Nc6 7. Be3 Nge7 8. h4 h5 9. Qd2 O-O 10. O-O-O f5 11. exf5 Bxd4 12. Bxd4 Nxf5 13. Be3 Nxe3 14. Qxe3 Ne5 15. f3 Be6 16. f4 Bg4 17. fxe5 Bxd1 18. Nxd1 dxe5 19. Bd3 Qd4 20. Qg3 Rf6 21. Re1 Qf4+ 22. Qxf4 exf4 23. Nf2 Rd8 24. Kc2 Kf7 25. Ne4 Rc6 26. Ng5+ Kf6 27. Rf1 b6 28. Rxf4+ Kg7 29. Rf7+ Kh8 30. Re7 Rd4 31. b3 Rxh4 32. Rh7+ Kg8 33. Rd7 Rg4 34. Ne4 Rxg2+ 35. Kc3 h4 36. Nd2 h3 37. Be4 Re6 38. Bd5 h2 39. Bxe6+ Kh8 40. Rd3 h1=Q 41. Rh3+ Qxh3+ 42. Bxh3 Rg3+ 43. Kd4 Rxh3 44. Ne4 Kg7 45. Ng5 Rh4+ 46. Ke5 Rh2 47. Kf4 Rxa2 48. Ne6+ Kf6 49. Nxc7 a5 50. Nb5 Rb2 51. Nd4 a4 52. bxa4 Rb4 0-1


[Site "https://www.chess.com"]

[Event "Late Titled Tuesday Blitz February 8 2022"]
[White "Estrada Nieto, Julian"]
[Black "Curtis, John"]
[WhiteFideId "5101018"]
[BlackFideId "3200256"]
[WhiteElo "2246"]
[BlackElo "2203"]
[Result "0-1"]
[Round "09"]
[TimeControl "180+1"]
[Date "2022.02.09"]
[WhiteClock "0:00:05"]
[BlackClock "0:00:08"]

1. e4 d5 2. exd5 Qxd5 3. Nc3 Qd8 4. g3 Nf6 5. Bg2 g6 6. Nge2 Bg7 7. O-O c5 8. d3 O-O 9. Be3 Nfd7 10. d4 cxd4 11. Nxd4 Ne5 12. Qe2 Nbc6 13. Nxc6 Nxc6 14. Rad1 Qa5 15. Rd5 Qc7 16. Nb5 Qa5 17. Nc3 Qc7 18. Bf4 e5 19. Bg5 Be6 20. Rd2 Nd4 21. Qe3 h6 22. Bh4 g5 23. Bxg5 hxg5 24. Qxg5 Qd8 25. Qh5 Nf3+ 26. Bxf3 Qxd2 27. Ne4 Qh6 28. Qxh6 Bxh6 29. Nc5 Bc4 30. Re1 Rac8 31. Nxb7 Rc7 32. Nd6 Rd8 33. Nf5 Bg7 34. b3 Be6 35. Nxg7 Kxg7 36. Rxe5 Rxc2 37. Ra5 Rdd2 38. Be4 Rb2 39. Rg5+ Kf8 40. h4 Rxf2 41. h5 Rfe2 42. Bd3 Re1+ 43. Bf1 Bh3 44. h6 Rg2+ 45. Kh1 Rxf1# 0-1


[Site "https://www.chess.com"]

[Event "Late Titled Tuesday Blitz February 8 2022"]
[White "Fier, Alexandr"]
[Black "Timofeev, Artyom"]
[WhiteFideId "2107139"]
[BlackFideId "4140419"]
[WhiteElo "2569"]
[BlackElo "2583"]
[Result "1/2-1/2"]
[Round "09"]
[TimeControl "180+1"]
[Date "2022.02.08"]
[WhiteClock "0:00:08"]
[BlackClock "0:00:07"]

1. d4 d5 2. Bg5 Nd7 3. Nc3 Ngf6 4. Qd3 c5 5. Bxf6 Nxf6 6. dxc5 e6 7. e4 Bxc5 8. Qb5+ Nd7 9. exd5 exd5 10. Nxd5 O-O 11. O-O-O a6 12. Qd3 Nb6 13. Nxb6 Qxb6 14. Nf3 Bxf2 15. Qb3 Qxb3 16. axb3 Be6 17. Bc4 Bxc4 18. bxc4 Rfd8 19. Rd5 Rxd5 20. cxd5 Rd8 21. Rd1 b5 22. c3 f6 23. Kc2 Kf7 24. b3 Ke7 25. c4 Kd6 26. Nd2 f5 27. Rf1 Bc5 28. Rxf5 Re8 29. Rf7 Re2 30. Kd1 Re3 31. Rxg7 Bb4 32. Nf3 Rxb3 33. cxb5 axb5 34. Rxh7 Rb2 35. Rg7 Kxd5 36. Rg4 Bc5 37. Kc1 Rf2 38. h4 b4 39. Rg5+ Kc4 40. Nd2+ Kd3 41. Rxc5 Rxg2 42. Nb3 Rh2 43. h5 Ke4 44. Rb5 Kf4 45. Nd4 Kg4 46. Rxb4 Kxh5 47. Kd1 Rf2 48. Ne2 Rf1+ 49. Kd2 Ra1 50. Ke3 Kh6 51. Kf4 Kg6 52. Ke5 Kf7 53. Nf4 Ke8 54. Nd5 Re1+ 55. Kd6 Kf7 56. Rf4+ Kg6 57. Rf2 Rd1 58. Rf3 Kg5 59. Ke5 Kg4 60. Rf4+ Kg5 61. Re4 Ra1 62. Re2 Ra5 63. Rg2+ Kh4 64. Ke6 Kh3 65. Rg8 Kh2 66. Ke5 Ra4 67. Nf4 Ra5+ 68. Ke4 Ra3 69. Ne6 Ra4+ 70. Nd4 Ra3 71. Nf3+ Kh3 72. Ne5 Ra4+ 73. Kf5 Ra3 74. Ng6 Ra5+ 75. Ne5 Ra3 76. Rg4 Ra5 77. Re4 Kg2 78. Kf4 Ra8 79. Re2+ Kf1 80. Rh2 Re8 81. Nd3 Rf8+ 82. Ke4 Re8+ 83. Kf3 Rf8+ 84. Nf4 Ke1 85. Ra2 Kd1 86. Ke3 Kc1 87. Nd3+ Kb1 88. Rb2+ Ka1 89. Rb4 Rd8 90. Kd2 Ka2 91. Rb5 Ka3 92. Kc3 Ka4 93. Rb4+ Ka5 94. Nc5 Rh8 95. Rb7 Rh3+ 96. Kd4 Rh4+ 1/2-1/2


[Site "https://www.chess.com"]

[Event "Late Titled Tuesday Blitz February 8 2022"]
[White "Garagulya, Konstantin"]
[Black "Vusatiuk, Vladimir"]
[WhiteFideId "4128931"]
[BlackFideId "14118610"]
[WhiteElo "2329"]
[BlackElo "2157"]
[Result "0-1"]
[Round "09"]
[TimeControl "180+1"]
[Date "2022.02.09"]
[WhiteClock "0:00:16"]
[BlackClock "0:00:11"]

1. d4 g6 2. e4 Bg7 3. Nf3 d6 4. Bc4 a6 5. a4 Nc6 6. c3 Nf6 7. Nbd2 e5 8. h3 O-O 9. O-O exd4 10. cxd4 d5 11. exd5 Nxd5 12. Nb3 Bf5 13. Bg5 Qd6 14. Nc5 Rab8 15. Qb3 Na5 16. Qa2 Nb4 17. Qa3 Nc2 18. Qc3 Nxa1 19. Rxa1 Nxc4 20. Qxc4 b5 21. axb5 axb5 22. Qb4 Be4 23. Ra6 Rb6 24. Qa5 Bxf3 25. gxf3 Bxd4 26. Rxb6 Qg3+ 27. Kh1 Qxh3+ 28. Kg1 Qg3+ 29. Kh1 Bxf2 30. Qa1 Qh3# 0-1


[Site "https://www.chess.com"]

[Event "Late Titled Tuesday Blitz February 8 2022"]
[White "Garcia Martin, Marta"]
[Black "Potapova, Margarita"]
[WhiteFideId "32084030"]
[BlackFideId "14126869"]
[WhiteElo "2102"]
[BlackElo "2209"]
[Result "0-1"]
[Round "09"]
[TimeControl "180+1"]
[Date "2022.02.08"]
[WhiteClock "0:00:01"]
[BlackClock "0:00:06"]

1. Nf3 Nf6 2. e3 b6 3. c4 Bb7 4. d4 g6 5. Nc3 Bg7 6. Bd3 O-O 7. e4 d6 8. O-O e5 9. d5 a5 10. Be3 Nbd7 11. Nd2 Nh5 12. g3 Qe8 13. Be2 Nc5 14. Bxh5 gxh5 15. Qxh5 Bc8 16. Bh6 f5 17. Qxe8 Rxe8 18. Bxg7 Kxg7 19. f3 Rf8 20. Nb5 Rf7 21. Kg2 h5 22. h4 a4 23. b4 Nd3 24. a3 f4 25. Rg1 fxg3 26. Kxg3 Kh7 27. Kh2 Ba6 28. Rg5 Nf4 29. Nc3 Bc8 30. Rag1 Bd7 31. Ne2 Be8 32. Nxf4 Rxf4 33. Rg7+ Kh6 34. Rxc7 Rxh4+ 35. Kg3 Rf4 36. Kf2 h4 37. Rgg7 Bg6 38. Rgd7 Raf8 39. Rxd6 Kh5 40. Re6 h3 41. Rxe5+ Kh4 42. Kg1 Bh5 43. Rg7 Bxf3 0-1


[Site "https://www.chess.com"]

[Event "Late Titled Tuesday Blitz February 8 2022"]
[White "Glavina, Pablo"]
[Black "Janaszak, Dawid"]
[WhiteFideId "100234"]
[BlackFideId "1119206"]
[WhiteElo "2369"]
[BlackElo "2199"]
[Result "0-1"]
[Round "09"]
[TimeControl "180+1"]
[Date "2022.02.09"]
[WhiteClock "0:01:21"]
[BlackClock "0:01:23"]

1. e4 c5 2. Nf3 Nc6 3. d4 cxd4 4. Nxd4 g6 5. c4 Bg7 6. Be3 Qb6 7. Nf5 Qxb2 8. Nxg7+ Qxg7 9. Nd2 Nf6 10. Be2 O-O 11. h4 h5 12. Rb1 d6 13. f3 b6 14. O-O Be6 15. Bg5 Rfc8 16. Kh1 Nd7 17. Nb3 Rc7 18. Be3 Rac8 19. f4 Nf6 20. f5 Bd7 21. Nd2 Ne5 22. Rc1 Nfg4 23. Bd4 Qh6 24. Rc3 b5 25. cxb5 Rxc3 0-1


[Site "https://www.chess.com"]

[Event "Late Titled Tuesday Blitz February 8 2022"]
[White "Golubenko, Valentina"]
[Black "Przybylski, Wojciech"]
[WhiteFideId "4501993"]
[BlackFideId "1117599"]
[WhiteElo "2164"]
[BlackElo "2133"]
[Result "0-1"]
[Round "09"]
[TimeControl "180+1"]
[Date "2022.02.09"]
[WhiteClock "0:00:08"]
[BlackClock "0:00:05"]

1. d4 Nf6 2. g3 e6 3. Bg2 c5 4. Nf3 Nc6 5. c3 Be7 6. O-O O-O 7. Nbd2 d5 8. Re1 cxd4 9. cxd4 Bd7 10. e4 dxe4 11. Nxe4 Nxe4 12. Rxe4 Nb4 13. Ne5 Bb5 14. Re1 Qc7 15. Bf4 Qb6 16. a4 Be8 17. a5 Qa6 18. Bd2 Bb5 19. Qb3 Nc6 20. Rac1 Nxd4 21. Qe3 Ne2+ 22. Rxe2 Bxe2 23. Rc7 Bd6 24. Bxb7 Qb5 25. Bc6 Qxe5 26. Qxe5 Bxe5 27. Rd7 Rac8 28. Bb7 Rc7 29. Rxc7 Bxc7 30. a6 Bb6 31. Bb4 Rd8 32. Kg2 Bc4 33. Bc3 Bd5+ 34. Bxd5 Rxd5 35. Kf3 f6 36. Ke4 Kf7 37. f3 g6 38. g4 f5+ 39. gxf5 gxf5+ 40. Kf4 Kg6 41. Kg3 Bc7+ 42. Kf2 f4 43. Ke2 Kf5 44. Kf2 Be5 45. Bb4 Bxb2 46. Be7 Rd2+ 47. Ke1 Bc3 48. Kf1 Rd3 49. Bc5 Rxf3+ 50. Ke2 Rh3 51. Bxa7 Rxh2+ 52. Kd3 Rh3+ 53. Kc4 Be5 54. Bb6 Ra3 55. a7 Rxa7 56. Bxa7 h5 57. Kd3 h4 58. Bg1 h3 59. Bh2 Kg4 60. Ke2 Bc7 61. Kf2 e5 62. Bg1 e4 63. Ke2 f3+ 64. Kf1 Bf4 65. Kf2 h2 66. Bxh2 Bxh2 67. Ke3 Bg3 68. Kxe4 f2 69. Ke3 f1=Q 70. Kd2 Qf3 71. Kc1 Qe2 72. Kb1 Kf5 73. Kc1 Ke4 74. Kb1 Kd3 0-1


[Site "https://www.chess.com"]